 Dungeon Crawl Stone Soup version 0.29-a0-998-g1987434951 (webtiles) character file.

Game seed: 876255422568698777

35 Aramant the Poker (level 3, -2/51 HPs)
             Began as a Naga Berserker on Aug 5, 2022.
             Was a Follower of Trog.
             Slain by a gnoll
             ... wielding a +1 flail of protection
              (9 damage)
             ... on level 3 of the Dungeon.
             The game lasted 00:04:41 (617 turns).

Aramant the Poker (Naga Berserker)                   Turns: 617, Time: 00:04:42

Health: -2/51      AC:  3    Str: 21    XL:     3   Next: 33%
Magic:  3/3        EV:  9    Int:  7    God:    Trog [*.....]
Gold:   12         SH:  0    Dex: 10    Spells: 2/2 levels left

rFire   . . .      SeeInvis +   e - +0 short sword (drain)
rCold   . . .      Faith    .   (no shield)
rNeg    . . .      Spirit   .   c - +0 ring mail
rPois   +          Reflect  .   (no helmet)
rElec   .          Harm     .   (no cloak)
rCorr   .          Rampage  .   (no gloves)
Will    .....                   (no barding)
Stlth   ..........              (no amulet)
HPRegen 0.17/turn               (no ring)
MPRegen 0.08/turn               (no ring)

@: berserking, quick
A: AC +1, large, see invisible, deformed body, poison resistance, slowness 2,
spit poison 1, naga tail 1
a: Spit Poison, Renounce Religion, Berserk


You were on level 3 of the Dungeon.
You worshipped Trog.
Trog was aware of your devotion.
You visited 1 branch of the dungeon, and saw 3 of its levels.

You collected 12 gold pieces.

Inventory:

Hand Weapons
 a - a +0 spear
 e - a +0 short sword of draining (weapon)
Armour
 b - a +0 animal skin
 c - a +0 ring mail (worn)
Potions
 d - a potion of attraction {unknown}
 f - 2 potions of heal wounds {unknown}


   Skills:
 + Level 3.5 Fighting
 + Level 3.5 Polearms
 + Level 1.8 Armour
 + Level 1.8 Dodging
 + Level 0.1 Stealth


You had 2 spell levels left.
You didn't know any spells.
Your spell library was empty.

Dungeon Overview and Level Annotations

Branches:
Dungeon (3/15)

Altars:


Innate Abilities, Weirdness & Mutations

Your serpentine skin is tough. (AC +1)
You have supernaturally acute eyesight. (SInv)
Armour fits poorly on your strangely shaped body.
Your system is resistant to poisons. (rPois)
You cover ground very slowly.
You can spit poison.
You have a snake-like lower body.


Message History

Your experience leads to an increase in your attributes!
Increase (S)trength, (I)ntelligence, or (D)exterity?
You feel stronger. x2; Your skin feels tougher.
You hit the gnoll. You drain the gnoll.
The gnoll is moderately wounded.
The gnoll hits you with a +0 flail.
You hit the gnoll. You drain the gnoll.
The gnoll is severely wounded.
The gnoll barely misses you.
The gnoll hits you with a +1 flail of protection.
You hit the gnoll. You drain the gnoll.
You kill the gnoll!
Trog accepts your kill. The gnoll barely misses you.
You closely miss the gnoll. The gnoll closely misses you.
The goblin hits you but does no damage.
You barely miss the gnoll.
The gnoll hits you with a +1 flail of protection.
The goblin closely misses you.
You hit the gnoll but do no damage. You drain the gnoll.
The gnoll is lightly wounded.
The gnoll barely misses you. The goblin hits you with a +0 club. x2
The gnoll closely misses you.
You hit the gnoll but do no damage.
The gnoll is lightly wounded.
The gnoll hits you with a +1 flail of protection.
The goblin closely misses you.
You hit the goblin. You drain the goblin.
You kill the goblin!
Trog accepts your kill.
The gnoll hits you with a +1 flail of protection.
* * * LOW HITPOINT WARNING * * *
A red film seems to cover your vision as you go berserk!
You feel yourself moving faster!
You feel mighty! The gnoll barely misses you.
The gnoll hits you with a +0 club.
* * * LOW HITPOINT WARNING * * *
You hit the gnoll. You drain the gnoll.
The gnoll is almost dead.
The gnoll hits you with a +1 flail of protection!
You die...

.. ...#..........#
... ..............#
......##..........#
..... #..........#
......##..........#
.......)..........#
......>#..........#
.......##g#########
###...# #@#
#...#.g.# ##....###
...... ..... .....
.... ....


You could see 2 gnolls.

Vanquished Creatures
  2 gnolls (D:3)
  A worm (D:3)
  2 endoplasms (D:2)
  3 goblins
  A kobold (D:2)
  2 ball pythons (D:2)
  2 rats (D:2)
13 creatures vanquished.

Notes
Turn   | Place    | Note
-------+----------+-------------------------------------------
     0 | D:1      | Aramant the Naga Berserker began the quest for the Orb.
     0 | D:1      | Reached XP level 1. HP: 21/21 MP: 1/1
   316 | D:2      | Reached XP level 2. HP: 28/28 MP: 2/2
   608 | D:3      | Reached XP level 3. HP: 25/34 MP: 3/3
   617 | D:3      | Slain by a gnoll

Illustrated notes

Levels and vault maps discovered:
D:1:      amcnicky_arrival_blooded_trapdoor, layout_rooms,
          ebering_ecumenical_altar_rust
D:2:      layout_loops_corners, eino_tiny_chamber
D:3:      layout_rooms, mainiacjoe_overflow_small_starburst, eino_tiny_chamber

Action                   || total
-------------------------++-------
Melee: Spear             ||    17
       Short sword       ||    24
       Punch             ||     1
Invok: Berserk           ||     1
 Abil: Spit Poison       ||     1
Armor: Animal skin       ||     2
       Ring mail         ||    10
Dodge: Dodged            ||    18

Table legend: (Time is in decaauts)
 A = Elapsed time spent in this place.
 B = Non-inter-level travel time spent in this place.
 C = Inter-level travel time spent in this place.
 D = Time resting spent in this place.
 E = Time spent auto-exploring this place.
 F = Levels seen in this place.
 G = Mean time per level.
                   A        B        C        D        E       F      G
               +--------+--------+--------+--------+--------+-----+--------+
         Total |    711 |    462 |    249 |    315 |      0 |   3 |  237.0 |
       Dungeon |    711 |    462 |    249 |    315 |      0 |   3 |  237.0 |
               +--------+--------+--------+--------+--------+-----+--------+

Top non-repeatable levels by time:
     D:2: 523 daAuts
     D:3: 183 daAuts
     D:1: 5 daAuts
